 Dungeon Crawl Stone Soup version 0.31-a0-845-g9abc20d24f (webtiles) character file.

Game seed: 572830527932521275

30 Kurtz the Chopper (level 3, -1/26 HPs)
             Began as an Octopode Fighter on Oct 2, 2023.
             Slain by Sigmund
             ... wielding a +0 scythe
              (5 damage)
             ... on level 2 of the Dungeon.
             The game lasted 00:00:34 (770 turns).

Kurtz the Chopper (Octopode Fighter)                 Turns: 770, Time: 00:00:35

Health: -1/26      AC:  1    Str: 15    XL:     3   Next: 18%
Magic:  3/3        EV: 13    Int: 10    God:
Gold:   55         SH:  0    Dex: 13    Spells: 2/2 levels left

rFire   . . .        a - +0 war axe
rCold   . . .        b - +0 buckler
rNeg    . . .        (helmet restricted)
rPois   .            (no amulet)
rElec   .            (no ring)
rCorr   .            (no ring)
SInv    .            (no ring)
Will    .....        (no ring)
Stlth   ++           (no ring)
HPRegen 0.24/turn    (no ring)
MPRegen 0.08/turn    (no ring)
                     (no ring)

%: no passive effects
@: confused
A: almost no armour, amphibious, 8 rings, camouflage 1, gelatinous body 1,
(nimble swimmer 1), tentacles
a: no special abilities


You were on level 2 of the Dungeon.
You visited 1 branch of the dungeon, and saw 2 of its levels.

You collected 55 gold pieces.

Inventory:

Hand Weapons
 a - a +0 war axe (weapon)
Missiles
 f - 2 poisoned darts
 l - 5 javelins
Armour
 b - a +0 buckler (worn)
Scrolls
 d - a scroll of poison {unknown}
 h - a scroll of silence {unknown}
Potions
 c - a potion of might
 e - a potion of curing {unknown}
 g - a potion of berserk rage {unknown}
 i - 3 potions of attraction {unknown}
 j - a potion of invisibility {unknown}
 k - a potion of heal wounds {unknown}


   Skills:
 - Level 3.0 Fighting
 * Level 3.5 Axes
 - Level 3.0 Dodging
 - Level 3.0 Shields


You had 2 spell levels left.
You didn't know any spells.
Your spell library was empty.

Dungeon Overview and Level Annotations

Branches:
Dungeon (2/15)

Altars:

Annotations:
D:2 Sigmund


Innate Abilities, Weirdness & Mutations

You cannot wear most types of armour.
You are amphibious.
You can wear up to eight rings at the same time.
Your skin changes colour to match your surroundings (Stealth+).
Your rubbery body absorbs attacks. (AC +1, EV +1)
((You are camouflaged when in or above water. (Stealth+)))
You have tentacles for arms and can constrict up to eight enemies at once.


Message History

Found an escape hatch in the ceiling.
Found a stone staircase leading up and a stone staircase leading down.
There is a stone staircase leading up here.
There are monsters nearby!
There are monsters nearby!
You slash the goblin!
You kill the goblin!
A rat is nearby!
Sigmund the Dreaded comes into view.
He is wielding a +0 scythe and wearing a +2 robe of positive energy.
There are monsters nearby!
There are monsters nearby!
Sigmund shouts!
Sigmund casts a spell at you. The magic dart hits you!
There are monsters nearby!
Found a spear and a book of the Tundra.
There are monsters nearby!
You slash the rat!
You kill the rat!
Sigmund closely misses you.
You barely miss Sigmund. You grab Sigmund.
You constrict Sigmund, but do no damage.
Sigmund gestures wildly while chanting.
Sigmund flickers and vanishes!
Deactivating autopickup; reactivate with Ctrl-A.
You hit something. You constrict something. Something hits you.
You release your grip on something.
Something hits you!
* * * LOW HITPOINT WARNING * * *
You hear some strange, mumbled words.
You are confused.
Something tries to affect you, but you resist.
There is a stone staircase leading up here.
In your confused state, you trip and fall back down the stairs.
* * * LOW HITPOINT WARNING * * *
Something hits you.
* * * LOW HITPOINT WARNING * * *
In your confused state, you trip and fall back down the stairs.
* * * LOW HITPOINT WARNING * * *
Something hits you.
You die...

.....<.....>.....
#...........#.#..
#..#.$...#....... #
#..!.............
#.###..#..........#
..................#
.......#<...{†!.#.#
......).............
...(.......@......##
#..####.#....##.#.#
# #.#....# .#...
#.#........ ...
#......##.#. ##
#.#...... #)#
.......## .......##


There were no monsters in sight!

Vanquished Creatures
  3 dart slugs (D:1)
  3 ball pythons (D:1)
  A giant cockroach (D:1)
  3 goblins
  4 hobgoblins (D:1)
  2 bats (D:1)
  A frilled lizard (D:1)
  2 kobolds (D:1)
  5 rats
24 creatures vanquished.

Notes
Turn   | Place    | Note
-------+----------+-------------------------------------------
     0 | D:1      | Kurtz the Octopode Fighter began the quest for the Orb.
     0 | D:1      | Reached XP level 1. HP: 16/16 MP: 1/1
    84 | D:1      | Reached XP level 2. HP: 16/21 MP: 2/2
   470 | D:1      | Reached XP level 3. HP: 26/26 MP: 3/3
   755 | D:2      | Noticed Sigmund
   770 | D:2      | Slain by Sigmund

Illustrated notes

Levels and vault maps discovered:
D:1:      amcnicky_arrival_abandoned_market, layout_loops_ring, minmay_distorted
D:2:      layout_basic, uniq_sigmund, uniq_crazy_yiuf_cottage

Skill      XL: |  1  2 |
---------------+-------+-----
Axes           | 3 |  3.5
Fighting       | |  3.0
Dodging        | |  3.0
Shields        | |  3.0

Action                     || total
---------------------------++-------
  Melee: War axe           ||    39
         Constrict         ||    12
         Tentacles         ||     5
   Stab: Sleeping          ||     3
 Armour: Skin              ||    20
  Dodge: Dodged            ||    23
  Block: Buckler           ||     3

Table legend: (Time is in decaauts)
 A = Elapsed time spent in this place.
 B = Non-inter-level travel time spent in this place.
 C = Inter-level travel time spent in this place.
 D = Time resting spent in this place.
 E = Time spent auto-exploring this place.
 F = Levels seen in this place.
 G = Mean time per level.
                   A        B        C        D        E       F      G
               +--------+--------+--------+--------+--------+-----+--------+
         Total |    785 |    766 |     19 |      0 |    615 |   2 |  392.5 |
       Dungeon |    785 |    766 |     19 |      0 |    615 |   2 |  392.5 |
               +--------+--------+--------+--------+--------+-----+--------+

Top non-repeatable levels by time:
     D:1: 765 daAuts
     D:2: 20 daAuts
